 Dungeon Crawl Stone Soup version 0.28-a0-1080-g05a166d0ed (webtiles) character file.

Game seed: 1232217522185561019

119 Redcow54321 the Ruffian (level 4, 0/35 HPs)
             Began as a Demonspawn Abyssal Knight on Dec 9, 2021.
             Was a Follower of Lugonu.
             Slain by a hound (1 damage)
             ... on level 4 of the Dungeon.
             The game lasted 00:04:34 (3097 turns).

Redcow54321 the Ruffian (Demonspawn Abyssal Knight) Turns: 3097, Time: 00:04:34

Health: 0/35       AC:  4    Str: 15    XL:     4   Next: 74%
Magic:  5/5        EV: 13    Int: 12    God:    Lugonu [*.....]
Gold:   135        SH:  0    Dex: 13    Spells: 3/3 levels left

rFire   . . .      SeeInvis +     - Unarmed
rCold   . . .      Faith    .   (no shield)
rNeg    . . .      Spirit   .   a - +0 leather armour
rPois   +          Reflect  .   l - +0 helmet
rElec   .          Harm     .   (no cloak)
rCorr   .          Rampage  .   (no gloves)
Will    .....                   (no boots)
Stlth   +.........              (no amulet)
HPRegen 0.11/turn               m - ring of poison resistance
MPRegen 0.09/turn               n - ring of see invisible

@: no status effects
A: claws 1, repulsion field 1
a: Renounce Religion, Depart the Abyss


You were on level 4 of the Dungeon.
You worshipped Lugonu.
Lugonu was aware of your devotion.
You visited 1 branch of the dungeon, and saw 4 of its levels.
You visited the Abyss 1 time.

You collected 135 gold pieces.

Inventory:

Armour
 a - a +0 leather armour (worn)
 e - a +0 pair of gloves
 l - a +0 helmet (worn)
Jewellery
 m - a ring of poison resistance (left claw)
 n - a ring of see invisible (right claw)
Scrolls
 b - a scroll of enchant weapon {unknown}
 f - a scroll of enchant armour {unknown}
 g - a scroll of fog {unknown}
 h - 4 scrolls of identify {unknown}
 o - a scroll of summoning {unknown}
 p - a scroll of acquirement {unknown}
Potions
 c - a potion of resistance {unknown}
 i - 2 potions of haste {unknown}
 j - a potion of magic
 k - a potion of lignification {unknown}


   Skills:
 - Level 3.0 Fighting
 - Level 1.7 Armour
 - Level 0.8 Dodging
 * Level 4.6 Unarmed Combat
 - Level 2.4 Invocations


You had 3 spell levels left.
You didn't know any spells.
Your spell library contained the following spells:

 Spells                   Type           Power      Damage    Failure   Level
 Summon Small Mammal      Summ           0%         N/A       38%         1
 Static Discharge         Conj/Air       0%         N/A       52%         2
 Call Canine Familiar     Summ           0%         N/A       77%         3
 Portal Projectile        Hex/Tloc       0%         N/A       77%         3
 Summon Guardian Golem    Hex/Summ       0%         N/A       77%         3
 Leda's Liquefaction      Hex/Erth       0%         N/A       99%         4
 Lightning Bolt           Conj/Air       0%         1d11      100%        5
 Maxwell's Capacitive Co  Air            0%         ∞         100%        8


Dungeon Overview and Level Annotations

Branches:
Dungeon (4/15)
 Temple: D:4-7

Altars:
Hepliaklqana
Yredelemnul

Shops:
D:3 [


Innate Abilities, Weirdness & Mutations

You have sharp fingernails.
You are surrounded by a mild repulsion field. (EV +2)


Message History

* * * LOW HITPOINT WARNING * * *
The hound closely misses you.
Found a scroll labelled AKIL DOISAESE.
The hound bites you but does no damage.
A hobgoblin comes into view.
The hobgoblin shouts!
Found 16 gold pieces and a mace.
The hound closely misses you.
You see here a +4 ring of protection.
The hound bites you but does no damage. The hound bites you but does no damage.
You feel better. The hound completely misses you.
The goblin hits you with a +0 club.
It was a potion of magic.
Magic courses through your body. The hound closely misses you.
The hound bites you. The goblin hits you with a +0 club.
You closely miss the goblin.
The hobgoblin hits you but does no damage.
The hound barely misses you. The goblin hits you with a +0 club.
* * * LOW HITPOINT WARNING * * *
You closely miss the goblin. The hound bites you.
* * * LOW HITPOINT WARNING * * *
The hobgoblin hits you but does no damage.
A hobgoblin comes into view.
The hound bites you.
* * * LOW HITPOINT WARNING * * *
The hobgoblin shouts!
You scratch the goblin but do no damage.
The goblin hits you but does no damage. The hobgoblin closely misses you.
The hound misses you.
You scratch the goblin.
You kill the goblin!
Lugonu accepts your kill. The hound bites you but does no damage.
The hobgoblin hits you but does no damage.
The hound misses you.
You miss the hound. The hound barely misses you. The hobgoblin hits you.
* * * LOW HITPOINT WARNING * * *
You claw the hound!
The hound is heavily wounded.
The hound bites you.
You die...

#...... #..)..
#..$. ... #?#
#######.##########
#..g.............#
#.@h.............#
##.g.##=.######..#
######### #..#
#...').# #...#..#
#..##<.# #.. #..#
#. ...# # ....#


You could see a hound and 2 hobgoblins.

Vanquished Creatures
  A bullfrog skeleton (D:3)
  Ijyb (D:4)
  An adder (D:3)
  3 dart slugs
  8 ball pythons
  An endoplasm (D:1)
  2 giant cockroaches
  6 goblins
  6 hobgoblins
  3 jackals (D:3)
  7 kobolds
  2 quokkas
  5 bats
  A rat (D:1)
47 creatures vanquished.

Notes
Turn   | Place    | Note
-------+----------+-------------------------------------------
     0 | Abyss:1  | Redcow54321 the Demonspawn Abyssal Knight began the quest
                  | for the Orb.
     0 | Abyss:1  | Reached XP level 1. HP: 18/18 MP: 2/2
    55 | Abyss:1  | Noticed a small abomination
    62 | D:1      | Escaped the Abyss
   138 | D:1      | Reached skill level 2 in Unarmed Combat
   439 | D:1      | Gained mutation: You are surrounded by a mild repulsion
                  | field. (EV +2) [demonic ancestry]
   439 | D:1      | Reached XP level 2. HP: 19/24 MP: 3/3
   914 | D:1      | Reached * piety under Lugonu
  1082 | D:1      | Found a faded altar of an unknown god.
  1485 | D:1      | Reached skill level 3 in Unarmed Combat
  1848 | D:2      | Gained mutation: You have sharp fingernails. [demonic
                  | ancestry]
  1848 | D:2      | Reached XP level 3. HP: 28/29 MP: 4/4
  2065 | D:2      | Found a basalt altar of Yredelemnul.
  2515 | D:3      | Found a hazy altar of Hepliaklqana.
  2526 | D:3      | Reached XP level 4. HP: 35/35 MP: 5/5
  2530 | D:3      | Reached skill level 4 in Unarmed Combat
  2978 | D:3      | Found Fufaxi's Armour Boutique.
  3044 | D:4      | Noticed Ijyb
  3058 | D:4      | Killed Ijyb
  3096 | D:4      | HP: 1/35 [hobgoblin (2)]
  3097 | D:4      | Slain by a hound

Illustrated notes

Levels and vault maps discovered:
D:1:      wheals_arrival_linesprint, layout_loops_corners,
          basic_ecumenical_altar
D:2:      layout_rooms, basic_altar, corexii_leaking_fountain
D:3:      layout_basic, mainiacjoe_overflow_tiny_flanked, serial_shops,
          nicolae_shop_competitors_out_of_business
D:4:      layout_gridville, bloody_trog, grunt_dithmenos_smoke,
          minmay_temple_entry_overgrown, uniq_ijyb, uniq_menkaure, uniq_sigmund

Skill      XL: |  1  2  3  4 |
---------------+-------------+-----
Unarmed Combat | 2 3 4 |  4.6
Fighting       | |  3.0
Armour         | |  1.7
Dodging        | |  0.8
Invocations    | |  2.4

Action                   |  1- 3 |  4- 6 || total
-------------------------+-------+-------++-------
Melee: Unarmed           |   116 |    76 ||   192
       Punch             |       |     4 ||     4
Invok: Depart the Abyss  |     1 |       ||     1
  Use: Potion            |       |     4 ||     4
Armor: Leather armour    |    18 |    27 ||    45
Dodge: Dodged            |    66 |    73 ||   139

Table legend: (Time is in decaauts)
 A = Elapsed time spent in this place.
 B = Non-inter-level travel time spent in this place.
 C = Inter-level travel time spent in this place.
 D = Time resting spent in this place.
 E = Time spent auto-exploring this place.
 F = Levels seen in this place.
 G = Mean time per level.
                   A        B        C        D        E       F      G
               +--------+--------+--------+--------+--------+-----+--------+
         Total |   3082 |   2937 |    145 |    390 |   2152 |   5 |  616.4 |
       Dungeon |   3020 |   2875 |    145 |    390 |   2098 |   4 |  755.0 |
         Abyss |     62 |     62 |      0 |      0 |     54 |   1 |   62.0 |
               +--------+--------+--------+--------+--------+-----+--------+

Top non-repeatable levels by time:
     D:1: 1685 daAuts
     D:3: 801 daAuts
     D:2: 483 daAuts
 Abyss:1: 62 daAuts
     D:4: 50 daAuts
